 Dungeon Crawl Stone Soup version 0.30-a0-996-ga6910c8ee8 (webtiles) character file.

Game seed: 10490094453983565824

1171 jasper the Chopper (level 8, -5/65 HPs)
             Began as a Demonspawn Cinder Acolyte on Apr 4, 2023.
             Was a Follower of Ignis.
             Slain by an orc warrior
             ... wielding a +0 scimitar
              (7 damage)
             ... on level 6 of the Dungeon.
             The game lasted 00:05:41 (4633 turns).

jasper the Chopper (Demonspawn Cinder Acolyte)      Turns: 4633, Time: 00:05:42

Health: -5/65      AC:  8    Str: 22    XL:     8   Next: 18%
Magic:  9/9        EV:  9    Int: 17    God:    Ignis [*.....]
Gold:   253        SH:  4    Dex:  8    Spells: 9/9 levels left

rFire   + . .      SeeInvis +    a - -1 hand axe (flame)
rCold   + + +      Faith    .    (no shield)
rNeg    . . .      Spirit   .    l - +0 chain mail
rPois   .          Reflect  .    (no helmet)
rElec   +          Rampage  .    (no cloak)
rCorr   +                        (no gloves)
Will    .....                    (no boots) Stlth
                                 (no amulet)
HPRegen 0.30/turn                f - ring of resist corrosion
MPRegen 0.22/turn                m - ring of the Peasants {Contam rElec rC+++ Str+6 SInv}

@: lethally poisoned (-5 -> -21), slowed, very slow
A: repulsion field 1, magic regeneration, condensation shield, weakness stinger
1
a: Renounce Religion, Fiery Armour, Foxfire Swarm, Rising Flame


You were on level 6 of the Dungeon.
You worshipped Ignis.
Ignis was aware of your devotion.
You visited 1 branch of the dungeon, and saw 6 of its levels.

You collected 253 gold pieces.

Inventory:

Hand Weapons
 a - a -1 hand axe of flaming (weapon)
Missiles
 i - 21 stones (quivered)
 j - 26 poisoned darts
 x - 2 javelins
Armour
 b - a +0 robe
 e - a +0 leather armour
 g - a +0 scale mail
 l - a +0 chain mail (worn)
Jewellery
 f - a ring of resist corrosion (left hand)
 m - the ring of the Peasants (right hand) {Contam rElec rC+++ Str+6 SInv}
   (You acquired it on level 1 of the Dungeon)

   [ring of strength]

   Str:       It affects your strength (+6).
   rC:        It renders you almost immune to cold.
   rElec:     It insulates you from electricity.
   SInv:      It lets you see invisible.
   Contam:    It causes magical contamination when unequipped.
 o - a ring of protection from cold
 y - a ring of fire
Wands
 r - a wand of acid (5)
Scrolls
 h - a scroll of torment
 n - 2 scrolls of fear
 t - a scroll of fog
 A - 3 scrolls of identify
 B - a scroll of amnesia
 C - a scroll of noise {unknown}
Potions
 c - 3 potions of haste
 d - 2 potions of curing
 k - a potion of lignification
 p - a potion of magic
 q - 3 potions of resistance
 s - a potion of heal wounds
 u - a potion of invisibility
 v - 2 potions of attraction
 w - a potion of mutation
 z - 2 potions of berserk rage {unknown}


   Skills:
 + Level 6.3 Fighting
 * Level 7.8 Axes
 - Level 1.0 Spellcasting
 - Level 2.6 Fire Magic


You had 9 spell levels left.
You didn't know any spells.
Your spell library contained the following spells:

 Spells                   Type           Power      Damage    Failure   Level
 Scorch                   Fire           18%        2d5       73%         2
 Gell's Gravitas          Tloc           0%         N/A       100%        3
 Teleport Other           Tloc           0%         N/A       100%        3
 Summon Lightning Spire   Summ/Air       0%         N/A       100%        4
 Dispersal                Tloc           0%         N/A       100%        6
 Storm Form               Tmut/Air       0%         N/A       100%        7
 Maxwell's Capacitive Co  Air            0%         ∞         100%        8


Dungeon Overview and Level Annotations

Branches:
Dungeon (6/15)
 Temple: D:4-7

Altars:
Gozag
Okawaru

Shops:
D:5 :

Annotations:
D:5 3 runed translucent doors, Esekla's ghost, weakling OpDe; Mightysalt's ghost, novice DsCK; dolemite99's ghost, amateur HOCA
D:6 Grinder; Menkaure


Innate Abilities, Weirdness & Mutations

You are surrounded by a mild repulsion field. (EV +2)
You regenerate magic rapidly.
A meltable shield of frost defends you. (SH +4)
You have a small tail.


Message History

You are more poisoned.
Things that are here:
a +0 dagger; a kobold corpse You take 1 damage, and have 41/65 hp.
You feel very sick. Menkaure hits you.
Menkaure is burned terribly!
Menkaure is burned by your cloak of flames.
Menkaure is moderately damaged.
The kobold throws a poisoned dart.
The poisoned dart hits you!
You are more poisoned.
The orc warrior hits you with a +0 scimitar.
Menkaure barely misses you.
You take 12 damage, and have 29/65 hp.
You feel very sick.
Grinder zaps a wand.
Some rock shatters into small pieces.
The now-empty wand crumbles to dust.
You take 5 damage, and have 24/65 hp.
The orc warrior attacks as you move away!
You block the orc warrior's attack.
You feel very sick.
The kobold throws a poisoned dart.
The poisoned dart closely misses you.
You take 2 damage, and have 22/65 hp.
The orc warrior attacks as you move away!
The orc warrior hits you with a +0 scimitar.
* * * LOW HITPOINT WARNING * * *
Your fiery armour burns out.
You feel very sick.
The kobold brigand throws a curare-tipped dart.
The curare-tipped dart hits you.
You are lethally poisoned!
You have difficulty breathing.
* * * LOW HITPOINT WARNING * * *
You feel yourself slow down.
There is a stone staircase leading up here.
You take 12 damage, and have 10/65 hp.
* * * LOW HITPOINT WARNING * * *
You feel extremely sick. You block the orc warrior's attack.
The orc warrior hits you with a +0 scimitar!
You die...

....##..... ..
..........#.. .
...........#. ..
............ ...
#..........#..
#...........#....
#.....#..........
# #...##@# ....
##.#....#o####....
........KMK#.....
........SoK.....
#....Y..))..#.#.
..5....?.<)K# #
...###....Y.# .
#......#
.........#


You could see an orc warrior, a water moccasin, an ice beast, a kobold brigand,
Menkaure (fast), an orc priest and 3 kobolds.

Vanquished Creatures
  Sigmund (D:2)
  A wyvern (D:5)
  A steam dragon (D:5)
  A phantom (D:5)
  A bullfrog (D:5)
  2 scorpions
  A howler monkey (D:5)
  4 hounds (D:5)
  Ijyb (D:3)
  Jessica (D:2)
  An iguana (D:5)
  Natasha (thrice) (D:3)
  Terence (D:2)
  An orc wizard (D:5)
  2 adders
  A white imp (D:5)
  An ufetubus (D:5)
  3 dart slugs
  9 orcs
  7 bats
  7 endoplasms
  2 giant cockroaches (D:4)
  4 goblins
  8 hobgoblins
  4 jackals (D:1)
  4 quokkas
  5 ball pythons
  A frilled lizard (D:1)
  8 kobolds
  7 rats
93 creatures vanquished.

Vanquished Creatures (others)
  An orc (D:3)
  A kobold (D:6)
  46 foxfires (D:3)
48 creatures vanquished.

Grand Total: 141 creatures vanquished

Notes
Turn   | Place    | Note
-------+----------+-------------------------------------------
     0 | D:1      | jasper the Demonspawn Cinder Acolyte began the quest for
                  | the Orb.
     0 | D:1      | Reached XP level 1. HP: 18/18 MP: 2/2
   217 | D:1      | Reached skill level 3 in Axes
   244 | D:1      | Gained mutation: You have a small tail. [demonic ancestry]
   244 | D:1      | Reached XP level 2. HP: 17/24 MP: 3/3
   436 | D:1      | You fall into a shaft and drop 1 floor!
   562 | D:2      | Reached XP level 3. HP: 29/29 MP: 4/4
   569 | D:2      | Noticed Terence
   582 | D:2      | Killed Terence
   604 | D:2      | Noticed Jessica
   612 | D:2      | Killed Jessica
   613 | D:2      | Reached skill level 4 in Axes
   613 | D:2      | Reached XP level 4. HP: 37/37 MP: 5/5
   892 | D:1      | Identified a scroll of acquirement
   892 | D:1      | Acquired the ring of the Peasants {Contam rElec rC+++ Str+6
                  | SInv}
  1175 | D:2      | Noticed Sigmund
  1189 | D:2      | Killed Sigmund
  1190 | D:2      | Reached skill level 5 in Axes
  1190 | D:2      | Gained mutation: A meltable shield of frost defends you.
                  | (SH +4) [demonic ancestry]
  1190 | D:2      | Reached XP level 5. HP: 38/43 MP: 6/6
  1819 | D:3      | Noticed Natasha
  1827 | D:3      | Killed Natasha
  1828 | D:3      | Gained mutation: You regenerate magic rapidly. [demonic
                  | ancestry]
  1828 | D:3      | Reached XP level 6. HP: 49/49 MP: 7/7
  1846 | D:3      | Found an opulent altar of Gozag.
  1874 | D:3      | Noticed Ijyb
  1895 | D:3      | Found an iron altar of Okawaru.
  1929 | D:3      | Killed Ijyb
  2032 | D:3      | Noticed Natasha
  2036 | D:3      | Killed Natasha
  2300 | D:3      | Noticed Natasha
  2312 | D:3      | Killed Natasha
  2588 | D:4      | Reached skill level 5 in Fighting
  3499 | D:4      | Reached skill level 6 in Axes
  3666 | D:5      | Entered Level 5 of the Dungeon
  3708 | D:5      | Found a runed translucent gate.
  3708 | D:5      | Found a runed translucent gate.
  3708 | D:5      | Found a runed translucent gate.
  3708 | D:5      | Noticed Mightysalt's ghost (novice DsCK)
  3708 | D:5      | Noticed dolemite99's ghost (amateur HOCA)
  3709 | D:5      | Noticed Esekla's ghost (weakling OpDe)
  3735 | D:5      | Reached XP level 7. HP: 50/56 MP: 8/8
  3964 | D:5      | Found Uxatu's Book Emporium.
  4199 | D:5      | Reached skill level 7 in Axes
  4243 | D:5      | Noticed a wyvern
  4251 | D:5      | Killed a wyvern
  4272 | D:5      | Gained mutation: You are surrounded by a mild repulsion
                  | field. (EV +2) [demonic ancestry]
  4272 | D:5      | Reached XP level 8. HP: 55/64 MP: 9/9
  4474 | D:6      | Noticed Menkaure
  4623 | D:6      | Noticed Grinder
  4633 | D:6      | HP: 2/65 [poisoned by a kobold brigand (curare-tipped
                  | dart)]
  4633 | D:6      | Slain by an orc warrior

Illustrated notes

Levels and vault maps discovered:
D:1:      dpeg_arrival_rooms_c, layout_rooms
D:2:      layout_basic, uniq_jessica, uniq_sigmund, uniq_terence
D:3:      layout_basic, grunt_gozag_statues, okawaru_trees_2, uniq_ijyb,
          uniq_natasha
D:4:      layout_basic
D:5:      layout_loops_ring, gammafunk_ghost_cemetery, serial_shops,
          nicolae_shop_competitors_out_of_business
D:6:      layout_cave_pools, minmay_temple_entry_from_below_a, uniq_menkaure,
          uniq_grinder

Skill      XL: |  1  2  3  4  5  6  7 |
---------------+----------------------+-----
Axes           | 3 4 5 6 7 |  7.8
Fighting       | 4 5 6 |  6.3
Spellcasting   | |  1.0
Fire Magic     | |  2.6

Action                     |  1- 3 |  4- 6 |  7- 9 || total
---------------------------+-------+-------+-------++-------
  Melee: Hand axe          |    55 |   147 |    90 ||   292
         Tailslap          |     3 |    14 |    15 ||    32
         Punch             |     1 |     5 |       ||     6
  Throw: Dart              |     7 |       |       ||     7
         Stone             |     2 |       |       ||     2
 Invoke: Fiery Armour      |     2 |     2 |     3 ||     7
         Foxfire Swarm     |       |     2 |       ||     2
    Use: Scroll            |     2 |    10 |       ||    12
         Potion            |       |     1 |       ||     1
 Armour: Scale mail        |    54 |       |       ||    54
         Chain mail        |     5 |    72 |    43 ||   120
  Dodge: Dodged            |    37 |    53 |    37 ||   127
  Block: Other             |       |    15 |    18 ||    33

Table legend: (Time is in decaauts)
 A = Elapsed time spent in this place.
 B = Non-inter-level travel time spent in this place.
 C = Inter-level travel time spent in this place.
 D = Time resting spent in this place.
 E = Time spent auto-exploring this place.
 F = Levels seen in this place.
 G = Mean time per level.
                   A        B        C        D        E       F      G
               +--------+--------+--------+--------+--------+-----+--------+
         Total |   4633 |   4500 |    133 |    101 |   3378 |   6 |  772.2 |
       Dungeon |   4633 |   4500 |    133 |    101 |   3378 |   6 |  772.2 |
               +--------+--------+--------+--------+--------+-----+--------+

Top non-repeatable levels by time:
     D:4: 1195 daAuts
     D:2: 1103 daAuts
     D:5: 947 daAuts
     D:1: 729 daAuts
     D:3: 640 daAuts
     D:6: 16 daAuts
